 Dungeon Crawl Stone Soup version 0.29-a0-322-g68df515428 (webtiles) character file.

Game seed: 4464999427235635685

43423 drugrobin the Severer (level 13, -1/117 HPs)
             Began as a Demigod Fighter on Apr 8, 2022.
             Slain by a centaur (2 damage)
             ... on level 6 of the Lair of Beasts.
             The game lasted 00:44:24 (16072 turns).

drugrobin the Severer (Demigod Fighter)            Turns: 16072, Time: 00:44:25

Health: -1/117     AC: 14    Str: 35    XL:     13   Next: 53%
Magic:  16/16      EV:  6    Int: 14    God:
Gold:   924        SH: 14    Dex: 23    Spells: 12/12 levels left

rFire   . . .      SeeInvis .   a - +4 war axe (vamp)
rCold   . . .      Faith    .   L - +1 kite shield of the Dolphin {Str+4}
rNeg    . . .      Spirit   .   J - +0 plate armour
rPois   +          Reflect  .   F - +0 helmet
rElec   .          Harm     .   (no cloak)
rCorr   .          Rampage  .   E - +0 pair of gloves
Will    +....                   e - +0 pair of boots
Stlth   ..........              k - amulet of regeneration
HPRegen 1.09/turn               O - +6 ring of dexterity
MPRegen 0.15/turn               j - ring "Ykifrebb" {Wiz rPois Str+2 Dex+4}

@: flying
A: high MP 1, forlorn, divine attributes
a: no special abilities


You were on level 6 of the Lair of Beasts.
You visited 2 branches of the dungeon, and saw 17 of its levels.

You collected 924 gold pieces.

Inventory:

Hand Weapons
 a - a +4 vampiric war axe (weapon)
 b - a +2 hand axe of venom
 d - a +1 war axe of flaming
Missiles
 l - 2 throwing nets
 x - 45 poisoned darts
 D - 9 javelins (quivered)
Armour
 e - a +0 pair of boots (worn)
 o - a +1 leather armour of cold resistance
 E - a +0 pair of gloves (worn)
 F - a +0 helmet (worn)
 J - a +0 plate armour (worn)
 L - the +1 kite shield of the Dolphin (worn) {Str+4}
   (You found it on level 8 of the Dungeon)

   Str:       It affects your strength (+4).
Jewellery
 h - the amulet "Wyubrucw" {Spirit rF++ Will+ Str+2 Dex-2}
   (You acquired it on level 10 of the Dungeon)

   [amulet of guardian spirit]

   It causes incoming damage to be divided between your reserves of health and
   magic.
   Str:       It affects your strength (+2).
   Dex:       It affects your dexterity (-2).
   rF:        It greatly protects you from fire.
   Will:      It increases your willpower.
 j - the ring "Ykifrebb" (right hand) {Wiz rPois Str+2 Dex+4}
   (You acquired it on level 10 of the Dungeon)

   [ring of wizardry]

   It improves your spell success rate.
   Str:       It affects your strength (+2).
   Dex:       It affects your dexterity (+4).
   rPois:     It protects you from poison.
 k - an amulet of regeneration (around neck)
 A - a ring of protection from fire
 B - a ring of protection from cold
 C - a ring of resist corrosion
 O - a +6 ring of dexterity (left hand)
Wands
 m - a wand of flame (39)
 r - a wand of mindburst (6)
 M - a wand of acid (9)
 N - a wand of digging (5)
 R - a wand of iceblast (12)
 U - a wand of charming (4)
Scrolls
 c - 2 scrolls of magic mapping {unknown}
 f - 4 scrolls of immolation {unknown}
 i - 7 scrolls of teleportation {unknown}
 n - a scroll of enchant armour
 u - 2 scrolls of fog {unknown}
 v - 5 scrolls of fear {unknown}
 y - 3 scrolls of blinking {unknown}
 G - 3 scrolls of enchant weapon {unknown}
 H - 6 scrolls of amnesia {unknown}
 K - a scroll of brand weapon
 Q - 2 scrolls of vulnerability {unknown}
 T - 2 scrolls of identify
 W - a scroll of silence {unknown}
Potions
 g - 9 potions of curing
 p - 3 potions of attraction
 q - 2 potions of flight
 s - 4 potions of haste
 t - 2 potions of mutation
 w - 2 potions of cancellation
 z - 4 potions of lignification
 I - a potion of magic {unknown}
 P - 3 potions of brilliance {unknown}
 S - 2 potions of heal wounds {unknown}
Miscellaneous
 V - a phial of floods


   Skills:
 + Level 11.7 Fighting
 * Level 15.9 Axes
 - Level 2.6 Armour
 + Level 8.9 Shields
 + Level 7.3 Evocations


You had 12 spell levels left.
You didn't know any spells.
Your spell library contained the following spells:

 Spells                   Type           Power      Damage    Failure   Level
 Slow                     Hex            0%         N/A       89%         1
 Sting                    Tmut/Pois      0%         1d3       89%         1
 Summon Small Mammal      Summ           0%         N/A       89%         1
 Blink                    Tloc           0%         N/A       96%         2
 Ensorcelled Hibernation  Hex/Ice        0%         N/A       96%         2
 Poisonous Vapours        Pois/Air       0%         N/A       96%         2
 Call Canine Familiar     Summ           0%         N/A       99%         3
 Confusing Touch          Hex            0%         N/A       99%         3
 Lesser Beckoning         Tloc           0%         N/A       99%         3
 Spider Form              Tmut/Pois      0%         N/A       99%         3
 Summon Guardian Golem    Hex/Summ       0%         N/A       99%         3
 Vampiric Draining        Necr           0%         2d6       99%         3
 Anguish                  Hex/Necr       0%         N/A       100%        4
 Fulminant Prism          Conj/Hex       0%         3d6       100%        4
 Iskenderun's Mystic Bla  Conj/Tloc      0%         2d3       100%        4
 Leda's Liquefaction      Hex/Erth       0%         N/A       100%        4
 Olgreb's Toxic Radiance  Pois           0%         N/A       100%        4
 Iskenderun's Battlesphe  Conj           0%         2d6       100%        5
 Lee's Rapid Deconstruct  Erth           0%         3d5*      100%        5
 Manifold Assault         Tloc           0%         N/A       100%        5
 Iron Shot                Conj/Erth      0%         9d1       100%        6
 Statue Form              Tmut/Erth      0%         N/A       100%        6
 Spellforged Servitor     Conj/Summ      0%         N/A       100%        7
 Storm Form               Tmut/Air       0%         N/A       100%        7


Dungeon Overview and Level Annotations

Branches:
Dungeon (11/15)            Temple (0/1) D:5            Lair (6/6) D:8
 Shoals (0/4) Lair:4       Spider (0/4) Lair:3        Slime (0/5) Lair:5
    Orc (0/2) D:11

Shops:
D:6 :

Portals:
Trove: D:10 (give horn of Geryon)

Annotations:
D:10 3 runed translucent doors, Darius099's ghost, novice TrBe; horus123's ghost, journeyman DrCj


Innate Abilities, Weirdness & Mutations

You have an increased reservoir of magic. (+10% MP)
You shall have no god before yourself.
Your divine heritage dramatically boosts your attributes as you level up.


Message History

The centaur shoots an arrow.
You block the arrow.
The centaur hits you but does no damage.
The centaur barely misses you.
Unknown command.
Unknown command.
Unknown command.
Unknown command.
Unknown command.
Unknown command.
Unknown command.
You slice the centaur!!
You kill the centaur!
You hear a splash.
The centaur shoots an arrow.
The arrow hits you.
* * * LOW HITPOINT WARNING * * *
Unknown command.
Unknown command.
Unknown command.
Unknown command.
Unknown command.
Unknown command.
Unknown command.
The centaur shoots an arrow.
The arrow completely misses you.
The centaur shoots an arrow.
The arrow hits you.
* * * LOW HITPOINT WARNING * * *
The centaur shoots an arrow.
The arrow hits you.
* * * LOW HITPOINT WARNING * * *
Unknown command.
Unknown command.
Unknown command.
Unknown command.
Unknown command.
Unknown command.
The centaur unwields a +0 shortbow.
The centaur hits you.
* * * LOW HITPOINT WARNING * * *
You block the centaur's attack.
The centaur shoots an arrow.
The arrow hits you.
* * * LOW HITPOINT WARNING * * *
The centaur barely misses you. The centaur kicks you.
You die...

.....# ....## ....# ...##
..## .## ####### ## #### ##
#.....##≈# P..#
#≈##..c..#≈≈# ..##
#≈≈#≈@≈c≈≈≈# .#####
#≈≈)≈≈≈≈≈≈## #..#P#
##≈≈≈≈)≈≈≈# .....##
##≈≈≈≈≈≈## ....#.# #≈≈≈≈≈≈#
.....## ###......# ......##
##.......##
P......####.......## ######
#.....#..#.P.....#.###..#.##


You could see 2 centaurs.

Vanquished Creatures
  4 hydras
  A two-headed ogre (D:9)
  A tengu warrior (D:11)
  4 death yaks
  Urug (Lair:1)
  Nergalle (D:11)
  Amaemon (Lair:2)
  An ugly thing (D:11)
  A necromancer (Lair:2)
  4 black mambas
  23 elephants
  An orange demon (Lair:2)
  Joseph (D:7)
  4 rime drakes
  10 cane toads
  5 komodo dragons
  A polar bear (Lair:2)
  2 trolls
  A hornet (D:11)
  The ghost of IdlyInterested the Cudgeller, an amateur DsGl (D:3)
  8 blink frogs
  A snapping turtle (Lair:4)
  2 shadows
  55 yaks
  2 wyverns (D:8)
  2 basilisks
  2 steam dragons
  4 vampire mosquitoes
  Menkaure (D:6)
  4 redbacks (Lair:3)
  An acid dragon (D:11)
  18 water moccasins
  2 sky beasts
  4 orc warriors
  3 black bears
  3 ice beasts
  11 wolves
  7 centaurs
  3 ogres
  A phantom (D:5)
  3 kobold brigands
  15 bullfrogs
  A gnoll sergeant (D:9)
  A necrophage (D:6)
  3 scorpions
  2 howler monkeys
  An electric eel (Lair:2)
  3 jellies (D:5)
  4 hounds
  4 orc priests
  2 gnoll shamans
  3 iguanas (D:5)
  5 orc wizards
  Natasha (thrice) (D:2)
  2 yak simulacra (Lair:2)
  3 wolf simulacra (Lair:2)
  10 gnolls
  10 adders
  3 white imps
  An ufetubus (D:6)
  A worm (D:3)
  32 orcs
  4 bats
  6 endoplasms
  4 giant cockroaches
  6 hobgoblins
  2 jackals
  28 kobolds
  6 quokkas
  8 ball pythons
  3 frilled lizards
  4 goblins
  7 rats
  6 river rat simulacra (Lair:2)
398 creatures vanquished.

Vanquished Creatures (others)
  A bush (D:8)
  22 fungi
  48 plants
  6 withered plants (D:10)
77 creatures vanquished.

Grand Total: 475 creatures vanquished

Notes
Turn   | Place    | Note
-------+----------+-------------------------------------------
     0 | D:1      | drugrobin the Demigod Fighter began the quest for the Orb.
     0 | D:1      | Reached XP level 1. HP: 18/18 MP: 3/3
     2 | D:1      | Noticed a troll
     2 | D:1      | Noticed an octopode
     4 | D:1      | Noticed a tengu
     4 | D:1      | Noticed a merfolk
     6 | D:1      | Noticed a formicid
     8 | D:1      | Noticed a human
     8 | D:1      | Noticed a draconian
    10 | D:1      | Noticed a demonspawn
    12 | D:1      | Noticed a ghoul
    14 | D:1      | Noticed a naga
    14 | D:1      | Noticed a spriggan
    16 | D:1      | Noticed a vampire
    16 | D:1      | Noticed a vine stalker
    18 | D:1      | Noticed a gargoyle
    20 | D:1      | Noticed a dwarf
    20 | D:1      | Noticed a felid
    22 | D:1      | Noticed a minotaur
    22 | D:1      | Noticed an ogre
    24 | D:1      | Noticed a demigod
    26 | D:1      | Noticed an elf
    60 | D:1      | Reached skill level 2 in Axes
   327 | D:1      | Reached XP level 2. HP: 25/25 MP: 4/4
   900 | D:2      | Noticed Natasha
   909 | D:2      | Killed Natasha
   910 | D:2      | Reached skill level 3 in Axes
   910 | D:2      | Reached XP level 3. HP: 30/31 MP: 5/5
  1112 | D:2      | Noticed Natasha
  1126 | D:2      | Killed Natasha
  1127 | D:2      | Reached XP level 4. HP: 34/38 MP: 6/6
  1275 | D:2      | Reached skill level 4 in Axes
  1326 | D:2      | Noticed Natasha
  1334 | D:2      | Killed Natasha
  1354 | D:3      | Found a runed translucent gate.
  1354 | D:3      | Found a runed translucent gate.
  1354 | D:3      | Found a runed translucent gate.
  1355 | D:3      | Noticed a kobold brigand
  1355 | D:3      | Noticed IdlyInterested's ghost (amateur DsGl)
  1658 | D:3      | Reached XP level 5. HP: 46/46 MP: 7/7
  2666 | D:4      | Noticed an ogre
  2710 | D:4      | Killed an ogre
  2711 | D:4      | Reached skill level 5 in Axes
  2711 | D:4      | Reached XP level 6. HP: 48/52 MP: 8/8
  2767 | D:4      | Identified the +6 dagger of a ziggurat {vorpal, Will+ Str+5
                  | Stlth+}
  2867 | D:5      | Entered Level 5 of the Dungeon
  3696 | D:5      | Reached skill level 6 in Axes
  3758 | D:5      | Found a staircase to the Ecumenical Temple.
  3811 | D:5      | Reached skill level 5 in Fighting
  3811 | D:5      | Reached XP level 7. HP: 56/61 MP: 9/9
  3997 | D:5      | Reached skill level 7 in Axes
  4162 | D:6      | Found Bytwapteu's Book Shoppe.
  4350 | D:6      | Reached XP level 8. HP: 62/70 MP: 10/10
  4387 | D:6      | Reached skill level 8 in Axes
  4498 | D:6      | Noticed Menkaure
  4503 | D:6      | Killed Menkaure
  4919 | D:7      | HP: 3/71 [steam dragon/ball of steam (8)]
  4921 | D:7      | Reached skill level 9 in Axes
  5294 | D:7      | Reached XP level 9. HP: 78/79 MP: 11/11
  5533 | D:7      | Noticed Joseph
  5595 | D:7      | Killed Joseph
  5596 | D:7      | Reached skill level 10 in Axes
  6024 | D:8      | Found a staircase to the Lair.
  6049 | D:8      | Reached skill level 11 in Axes
  6110 | D:8      | Identified the +1 kite shield of the Dolphin {Str+4}
  6226 | D:8      | Found Royterr's Jewellery Shoppe.
  6440 | D:8      | Reached XP level 10. HP: 87/90 MP: 13/13
  7256 | D:9      | Noticed a two-headed ogre
  7276 | D:9      | Killed a two-headed ogre
  7277 | D:9      | Reached skill level 12 in Axes
  7569 | D:10     | Entered Level 10 of the Dungeon
  7580 | D:10     | Found a portal to a secret trove of treasure.
  7700 | D:10     | Found a runed translucent gate.
  7700 | D:10     | Found a runed translucent gate.
  7700 | D:10     | Found a runed translucent gate.
  7720 | D:10     | Identified 2 scrolls of acquirement
  7725 | D:10     | Acquired the amulet "Wyubrucw" {Spirit rF++ Will+ Str+2
                  | Dex-2}
  7731 | D:10     | Acquired the ring "Ykifrebb" {Wiz rPois Str+2 Dex+4}
  7984 | D:10     | Reached skill level 1 in Evocations
  7997 | D:10     | Identified the +1 leather armour of Xeazosu {rPois rF+ rN+
                  | Dex+3}
  8063 | D:10     | Reached skill level 5 in Shields
  8142 | D:10     | Noticed horus123's ghost (journeyman DrCj)
  8142 | D:10     | Noticed Darius099's ghost (novice TrBe)
  8361 | D:10     | Reached XP level 11. HP: 83/97 MP: 14/14
  8611 | D:3      | Killed IdlyInterested's ghost
  8981 | D:11     | Noticed a tengu warrior
  9005 | D:11     | Killed a tengu warrior
  9031 | D:11     | Found a staircase to the Orcish Mines.
  9312 | D:11     | Reached skill level 13 in Axes
  9376 | D:11     | Noticed a seven-headed hydra
  9386 | D:11     | Killed a one-headed hydra
  9761 | D:11     | Noticed Nergalle
  9798 | D:11     | Killed Nergalle
 10389 | Lair:1   | Entered Level 1 of the Lair of Beasts
 10416 | Lair:1   | Noticed a five-headed hydra
 10435 | Lair:1   | Killed a one-headed hydra
 10571 | Lair:1   | Reached skill level 10 in Fighting
 10828 | Lair:1   | Noticed Urug
 10839 | Lair:1   | Killed Urug
 10977 | Lair:1   | Noticed a five-headed hydra
 11007 | Lair:1   | Killed a one-headed hydra
 11538 | Lair:1   | Noticed an eight-headed hydra
 11549 | Lair:1   | Killed a two-headed hydra
 11899 | Lair:2   | Noticed Amaemon
 11918 | Lair:2   | Killed Amaemon
 11919 | Lair:2   | Reached skill level 14 in Axes
 11919 | Lair:2   | Reached XP level 12. HP: 107/107 MP: 13/15
 12076 | Lair:2   | Reached skill level 5 in Evocations
 13207 | Lair:3   | Found a hole to the Spider Nest.
 14073 | Lair:4   | Identified the +1 robe of Asceticism {*Corrode Int+5 Dex+3}
 14077 | Lair:4   | Reached skill level 15 in Axes
 14530 | Lair:4   | Found a staircase to the Shoals.
 14794 | Lair:5   | Reached XP level 13. HP: 108/116 MP: 16/16
 15103 | Lair:5   | Found a staircase to the Slime Pits.
 15677 | Lair:6   | Entered Level 6 of the Lair of Beasts
 16072 | Lair:6   | HP: 1/117 [centaur/arrow (5)]
 16072 | Lair:6   | Slain by a centaur

Illustrated notes

Levels and vault maps discovered:
D:1:      kb_arrival_jail, layout_loops_ring,
          ebering_ecumenical_altar_abandoned, minmay_pentomino_u4
D:2:      layout_loops_cross, basic_altar, uniq_natasha
D:3:      layout_basic, pf_just_have_faith, marbit_many_paths,
          gammafunk_ghost_nasty_kobolds
D:4:      layout_loops_ring, serial_rivers, chequers_serial_rivers_micro_a,
          chequers_serial_rivers_large_a, chequers_serial_rivers_marsh,
          chequers_serial_rivers_small_3, chequers_serial_rivers_small_3,
          kennysheep_generic_room_14
D:5:      layout_cave_pools, grunt_qazlal_clouds,
          minmay_temple_entry_metal_lava, wad_rectangle_vault
D:6:      layout_rooms, vehumet_crystals, serial_shops,
          nicolae_shop_hallway_stairs, kennysheep_generic_room_2, uniq_menkaure
D:7:      layout_basic, dreamdust_mushroom_princess, uniq_joseph
D:8:      layout_gridville, minmay_lair_entry_grove, serial_shops,
          nicolae_shop_statue_plus, st_stairs_12
D:9:      layout_rooms
D:10:     layout_roguey, gammafunk_ghost_cemetery, enter_trove_1
D:11:     layout_stronghold, orc_0_dummy, kennysheep_generic_room_4,
          uniq_nergalle
Lair:1:   layout_regular_city, uniq_urug
Lair:2:   layout_chaotic_city, eino_house_with_fridge, lemuel_fruit_tree,
          serial_bayou_shore_b, serial_bayou_shore_a, grunt_megastairs_2,
          serial_bayou_shore_b, uniq_amaemon
Lair:3:   layout_loops_ring, spider_nest_entry_webs, basic_altar
Lair:4:   layout_regular_city, minmay_shoals_entry_hut
Lair:5:   layout_cave_pods, slime_altar_1, lemuel_fruit_fields,
          infiniplex_staircase_pool, grunt_megastairs_5
Lair:6:   evilmike_catoblepas_cave, layout_cellular_growth, lemuel_centaur_altar

Skill      XL: |  1  2  3  4  5  6  7  8  9 10 11 12 13 |
---------------+----------------------------------------+-----
Axes           | 2 3 4 5 6 7 9 11 12 14 15 | 15.9
Fighting       | 3 4 5 7 8 9 10 11 | 11.7
Shields        | 3 5 6 8 |  8.9
Evocations     | 1 4 6 7 |  7.3
Armour         | |  2.6

Action                   |  1- 3 |  4- 6 |  7- 9 | 10-12 | 13-15 || total
-------------------------+-------+-------+-------+-------+-------++-------
Melee: War axe           |    59 |    31 |   167 |   637 |   215 ||  1109
       Whip              |    29 |   123 |    31 |       |       ||   183
       Dagger            |       |    47 |    67 |       |       ||   114
       Hand axe          |       |       |    28 |    48 |       ||    76
Throw: Dart              |       |     3 |       |     6 |       ||     9
       Javelin           |       |       |     2 |     7 |       ||     9
       Throwing net      |       |       |     1 |     1 |       ||     2
Evoke: Wand              |       |       |       |     6 |       ||     6
  Use: Potion            |     1 |       |     1 |     1 |     1 ||     4
       Scroll            |       |       |       |    17 |       ||    17
 Stab: Held in net/web   |       |       |       |     1 |       ||     1
       Distracted        |       |       |       |     1 |       ||     1
Armor: Scale mail        |    43 |    54 |       |       |       ||    97
       Chain mail        |       |    22 |   119 |       |       ||   141
       Plate armour      |       |       |    35 |   282 |   127 ||   444
Dodge: Dodged            |    19 |    63 |    88 |   127 |    55 ||   352
Block: Buckler           |    19 |    24 |    46 |       |       ||    89
       Kite shield       |       |       |    15 |   405 |   167 ||   587

Table legend: (Time is in decaauts)
 A = Elapsed time spent in this place.
 B = Non-inter-level travel time spent in this place.
 C = Inter-level travel time spent in this place.
 D = Time resting spent in this place.
 E = Time spent auto-exploring this place.
 F = Levels seen in this place.
 G = Mean time per level.
                   A        B        C        D        E       F      G
               +--------+--------+--------+--------+--------+-----+--------+
         Total |  16086 |  15226 |    860 |   1091 |   9804 |  17 |  946.2 |
       Dungeon |  10508 |   9824 |    684 |    723 |   6047 |  11 |  955.3 |
          Lair |   5577 |   5401 |    176 |    368 |   3757 |   6 |  929.5 |
               +--------+--------+--------+--------+--------+-----+--------+

Top non-repeatable levels by time:
    D:11: 1530 daAuts
  Lair:1: 1446 daAuts
     D:8: 1309 daAuts
     D:4: 1121 daAuts
  Lair:2: 1112 daAuts
  Lair:5: 1103 daAuts
     D:3: 1009 daAuts
     D:5: 935 daAuts
     D:7: 929 daAuts
    D:10: 922 daAuts
  Lair:4: 858 daAuts
     D:1: 793 daAuts
  Lair:3: 714 daAuts
     D:6: 713 daAuts
     D:9: 669 daAuts
